Cogmind - Beta 17 @@@ ROGUE MODE // 2026.06.22 @ 22:40:38 Player: WetterLettuce Result: Destroyed by G-67 Veteran with Plasma Rifle Performance ------------- Evolutions (5) 2500 Regions Visited (6) 1200 Robots Destroyed (23) 115 Value Destroyed (1013) 1013 Prototype IDs (15) 300 Alien Tech Used (0) 0 Bonus (2628) 2628 TOTAL SCORE: 7756 Bonus ------- Registered with UFD 300 Met Optimus in HQ 500 Met Warlord at Base 500 MAIN.C Attacked Warlord 500 Warlord Defense Kills 828 Cogmind --------- Core Integrity 0/1000 Matter 300/300 Energy 90/100 System Corruption 12% Temperature Cool (0) Movement Core (100) Ox1 Location -5/Warlord Parts ------- > --- POWER (2) -------- (None) > --- PROPULSION (3) --- (None) > --- UTILITY (10) ----- (None) > --- WEAPON (2) ------- Companion Sword (fused) > --- INVENTORY (5) ---- Backup Power III Micro Fission Core Advanced Heat Sink Improved Transmission Jammer Makeshift Utility Shielding Peak State ------------ > --- POWER ------------ Backup Power I Micro Fission Core > --- PROPULSION ------- Flexi-carbon Leg Flexi-carbon Leg Flexi-carbon Leg > --- UTILITY ---------- Advanced Heat Sink Small Storage Unit Improved Energy Well 0b10 Decoder Chip [Looter] Advanced Melee Analysis Suite Improved Transmission Jammer Phase Shifter System Shield > --- WEAPON ----------- Companion Sword > --- INVENTORY -------- Backup Propulsion I Advanced Heat Sink Improved Focal Shield [Rating: 66] Favorites ----------- Power Light Nuclear Core Engine Backup Power III Power Core Light Nuclear Core Propulsion Light Treads Treads Light Treads Leg Flexi-carbon Leg Wheel Wheel Hover Unit Backup Propulsion I Utility Hacking Suite Device Advanced Heat Sink Storage Large Storage Unit Processor 0b10 Decoder Chip [Looter] Hackware Hacking Suite Weapon Companion Sword Energy Gun Plasma Rifle Ballistic Gun Assault Rifle Launcher Grenade Launcher Special Weapon Mining Laser Slashing Weapon Companion Sword Build | -11 -10 -10 -7 -5 -5 -5 ------- Run | Yrd Mat Sub Scr Fac Upp War Slots Evolved 10 | . . . . 10 . . Power 1 | . . . . 1 . . Propulsion 1 | . . . . 1 . . Utility 8 | . . . . 8 . . Weapon . | . . . . . . . Parts Attached 49 | 6 9 1 12 18 . 3 Power 4 | 1 1 . 1 1 . . Engine 2 | 1 . . 1 . . . Core 2 | . 1 . . 1 . . Reactor . | . . . . . . . Propulsion 17 | 2 3 . 6 5 . 1 Treads 5 | . 3 . 2 . . . Leg 9 | . . . 4 5 . . Wheel 2 | 2 . . . . . . Hover 1 | . . . . . . 1 Flight . | . . . . . . . Utility 18 | 1 3 . 1 12 . 1 Device 6 | . . . . 6 . . Storage 4 | 1 2 . . 1 . . Processor 4 | . . . 1 2 . 1 Hackware 4 | . 1 . . 3 . . Protection . | . . . . . . . Artifact . | . . . . . . . Weapon 10 | 2 2 1 4 . . 1 Energy Gun 1 | . . . 1 . . . Energy Cannon . | . . . . . . . Ballistic Gun 4 | 2 . 1 1 . . . Ballistic Cannon . | . . . . . . . Launcher 1 | . 1 . . . . . Special Weapon 2 | . 1 . . . . 1 Impact Weapon . | . . . . . . . Slashing Weapon 2 | . . . 2 . . . Piercing Weapon . | . . . . . . . Special Melee Weapon . | . . . . . . . Unidentified Prototypes 3 | . . . 1 1 . 1 Parts Lost 25 | . . . . 10 4 11 Power 4 | . . . . 1 1 2 Propulsion 9 | . . . . 4 1 4 Utility 12 | . . . . 5 2 5 Weapon . | . . . . . . . Highest Loss Streak 10 | . . . . 9 4 10 To Critical Strikes 1 | . . . . 1 . . Average Backups 10 | 2 11 15 13 2 3 6 Power 1 | . 1 2 1 . . 1 Propulsion 3 | 1 4 5 4 . 1 . Utility 3 | . 2 4 4 1 2 3 Weapon 2 | . 2 4 3 . . . Tool/Special . | . . . . . . . Unused Backups 8 | . . . 7 . . 1 Power . | . . . . . . . Propulsion 3 | . . . 3 . . . Utility 2 | . . . 1 . . 1 Weapon 3 | . . . 3 . . . Tool/Special . | . . . . . . . Average Slot Usage (%) 83 | . 96 100 91 52 80 55 Engine 3 | . 6 . 1 4 4 6 Core 8 | . 7 14 12 1 5 1 Treads 18 | . 27 28 24 . . . Leg 4 | . . . 3 10 16 2 Hover 1 | . . . . 2 . 7 Device 1 | . . . . 8 16 1 Storage 11 | . 14 14 12 5 11 6 Processor 4 | . . . 1 6 11 14 Hackware 10 | . 10 14 14 3 5 4 Energy Gun 3 | . . . 6 . . . Ballistic Gun 7 | . 26 24 3 . . . Slashing Weapon 6 | . . . 10 5 5 5 Peak Build Rating 66 | 6 12 12 32 66 66 52 Average Rating 25 | 4 10 12 23 35 64 40 On Entrance 24 | . 6 12 12 23 66 50 Avg Prop Armor Cover (%) 8 | . . . . 5 . 12 Naked Turns . | . . . . . . . Heaviest Build 33 | 12 29 29 33 22 22 23 Greatest Support 60 | 26 40 40 60 60 60 40 Greatest Overweight (x) 4 | . . . . . . 4 Average Overweight (x) . | . . . . . . . Largest Inventory Capacity 15 | 8 15 15 15 8 8 8 Average Capacity 12 | 6 14 15 13 7 8 7 Most Carried 15 | 4 15 15 15 5 3 8 Average Carried 10 | 2 11 15 13 2 3 6 Final Capacity 15 | 8 15 15 5 8 8 5 Final Carried 15 | 4 15 15 5 3 3 5 Class Distribution -------------------- 91% | Mutant 7% | Scavenger-Mutant Dominant Class ---------------- Mutant | -10/Materials Mutant | -10/Subcaves Mutant | -7/Scraptown Mutant | -5/Factory Scavenger-Mutant | -5/Upper Caves Mutant | -5/Warlord Resources | -11 -10 -10 -7 -5 -5 -5 ----------- Run | Yrd Mat Sub Scr Fac Upp War Matter Collected 990 | 260 225 . 176 255 45 29 Remotely . | . . . . . . . Salvage Created 750 | . 272 . . 305 104 69 Parts 42 | . 21 . . 15 4 2 Haulers Intercepted . | . . . . . . . Recyclers Shooed . | . . . . . . . Parts Field Recycled . | . . . . . . . Retrieved Matter . | . . . . . . . Parts Self-Destructed 6 | . . . 2 . 4 . Prevented . | . . . . . . . Parts Restored . | . . . . . . . Kills | -11 -10 -10 -7 -5 -5 -5 ------- Run | Yrd Mat Sub Scr Fac Upp War Combat Hostiles Destroyed 20 | . 7 . . 5 1 7 Melee 7 | . . . . 5 1 1 Guns 7 | . 7 . . . . . AOE 6 | . . . . . . 6 Classes Destroyed 10 | . 4 . . 3 1 2 Tunneler 1 | . 1 . . . . . Operator 2 | . 2 . . . . . Swarmer 3 | . 3 . . . . . Grunt 9 | . 4 . . 2 . 3 Brawler 2 | . . . . 1 . 1 Protector 1 | . . . . . . 1 Sentry 1 | . . . . . 1 . Demolisher 2 | . . . . . . 2 Hunter 1 | . . . . 1 . . Programmer 1 | . . . . 1 . . Best Kill Streak 6 | . 3 . . 2 1 6 Combat Bots Only 6 | . 3 . . 2 1 6 Max Kills in Single Turn 4 | . 1 . . 1 1 4 Gunslinging . | . . . . . . . Exploded 4 | . . . . . . 4 Melee 1 | . . . . 1 1 1 Uniques/NPCs Destroyed . | . . . . . . . Combat | -11 -10 -10 -7 -5 -5 -5 -------- Run | Yrd Mat Sub Scr Fac Upp War Hostile Shots Fired 191 | . 38 13 . 69 12 59 Missed 44 | . 6 . . 17 3 18 Hits 147 | . 32 13 . 52 9 41 Melee 15 | . . . . 8 . 7 Projectile 132 | . 32 13 . 44 9 34 AOE 4 | . . . . . . 4 Critical Strikes 8 | . 1 . . 4 . 3 Damage Taken 3199 | . 360 256 . 1167 230 1186 Core 1116 | . 54 59 . 380 10 613 Absorbed by Shields . | . . . . . . . Regen/Repaired (Parts) 25 | . . . . . . 25 Core Remaining (%) 77 | 100 . . 54 . . . Volleys Fired 39 | . 35 1 . . . 3 Largest 2 | . 2 2 . . . 1 Hottest 100 | . 100 40 . . . . Shots Fired 71 | . 66 2 . . . 3 Gun 64 | . 62 2 . . . . Cannon . | . . . . . . . Launcher 1 | . 1 . . . . . Special 6 | . 3 . . . . 3 Kinetic 64 | . 62 2 . . . . Thermal 3 | . 3 . . . . . Explosive 4 | . 1 . . . . 3 Electromagnetic . | . . . . . . . Robot Hit Streak 5 | . 5 1 . . . 3 Robot Miss Streak 3 | . 3 1 . . . . Penetration Max . | . . . . . . . Secondary Targets . | . . . . . . . Shots Hit Robots 79 | . 37 1 . 25 5 11 Core Hits 48 | . 19 . . 9 2 18 Critical Kills . | . . . . . . . Critical Parts Destroyed . | . . . . . . . Critical Strikes 3 | . . . . . . 3 Sever 1 | . . . . . . 1 Melee Attacks 45 | . . . . 29 5 11 Impact . | . . . . . . . Slashing 45 | . . . . 29 5 11 Piercing . | . . . . . . . Sneak Attacks . | . . . . . . . Combat Hostiles . | . . . . . . . Follow-up Attacks . | . . . . . . . Damage Inflicted 3305 | . 482 12 . 915 222 1674 Guns 494 | . 482 12 . . . . Cannons . | . . . . . . . Explosions 1306 | . . . . . . 1306 Melee 1407 | . . . . 915 222 270 Ramming . | . . . . . . . Kinetic 494 | . 482 12 . . . . Thermal . | . . . . . . . Explosive 1306 | . . . . . . 1306 Electromagnetic . | . . . . . . . Impact . | . . . . . . . Slashing 1505 | . . . . 915 222 368 Piercing . | . . . . . . . Highest Corruption 24 | . . . . 24 24 24 Average Corruption 22 | . . . . 22 24 19 Corruption Purged . | . . . . . . . Corruption Blocked . | . . . . . . . Effects 45 | . . . . 28 12 5 Message Errors 9 | . . . . 6 3 . Matter Fused 14 | . . . . 9 3 2 Heat Flow Errors 5 | . . . . 2 2 1 Energy Discharges 5 | . . . . 1 2 2 Parts Rejected 1 | . . . . . 1 . Parts Fused 1 | . . . . 1 . . Data Loss (minor) 4 | . . . . 4 . . Data Loss (major) 2 | . . . . 2 . . Alerts 1 | . . . . . 1 . Misdirections 3 | . . . . 3 . . Overload Shots . | . . . . . . . Overflow Damage 98 | . . . . 41 . 57 Projectiles . | . . . . . . . Explosions 57 | . . . . . . 57 Melee 41 | . . . . 41 . . Knockbacks . | . . . . . . . Impact . | . . . . . . . Kinetic . | . . . . . . . Secondary . | . . . . . . . Self-Inflicted Damage . | . . . . . . . Shots . | . . . . . . . Rammed . | . . . . . . . Targets Rammed . | . . . . . . . Kicked . | . . . . . . . Crushed . | . . . . . . . Highest Temperature 206 | . 40 . . 197 206 206 Average Temperature 57 | . 13 . . 110 106 115 Received Heat Transfer 729 | . 174 78 . 189 63 225 Siege Activations . | . . . . . . . Martial Activations . | . . . . . . . Shielding Activations . | . . . . . . . Robots Disrupted . | . . . . . . . Combat Hostiles . | . . . . . . . Robots Corrupted . | . . . . . . . Combat Hostiles . | . . . . . . . Parts Fried . | . . . . . . . Impact Corruptions . | . . . . . . . Robots Melted . | . . . . . . . Combat Hostiles . | . . . . . . . Parts Melted . | . . . . . . . Heat Transferred . | . . . . . . . Parts Sabotaged . | . . . . . . . Parts Stolen . | . . . . . . . Parts Stripped . | . . . . . . . Power Chain Reactions . | . . . . . . . Alert | -11 -10 -10 -7 -5 -5 -5 ------- Run | Yrd Mat Sub Scr Fac Upp War Maximum Alert Level . | . . . . . . . Low Security (%) 100 | 100 100 . . 100 . . Level 1 . | . . . . . . . Level 2 . | . . . . . . . Level 3 . | . . . . . . . Level 4 . | . . . . . . . Level 5 . | . . . . . . . High Security . | . . . . . . . Max Security . | . . . . . . . Peak Influence 90 | . 90 . . 30 . . Initial . | . . . . . . . Average 12 | . 18 . . 3 . . Influence Increases 724 | . 237 . . 132 20 335 Destroy 0b10 Robot/C 380 | . 140 . . 100 20 120 Destroy 0b10 Robot/NC 20 | . 15 . . . . 5 Destroy Leader 40 | . 30 . . 10 . . Successful Hack 37 | . 30 . . 7 . . Destroy Structure 7 | . 7 . . . . . Lose Combat Pursuer 240 | . 15 . . 15 . 210 Influence Decreases 553 | . 235 2 . 125 27 164 Entered New Map 6 | . . 2 . . 4 . Time Decay 407 | . 235 . . 95 13 64 Lost Part 140 | . . . . 30 10 100 Squads Dispatched 2 | . 1 . . 1 . . Investigation 1 | . 1 . . . . . Extermination 1 | . . . . 1 . . Reinforcement . | . . . . . . . Assault . | . . . . . . . Garrison . | . . . . . . . Intercept . | . . . . . . . Searches Triggered . | . . . . . . . Construction Impeded . | . . . . . . . Haulers Reinforced . | . . . . . . . Active Scanning Responses . | . . . . . . . Cargo Convoy Interrupts . | . . . . . . . Stealth | -11 -10 -10 -7 -5 -5 -5 --------- Run | Yrd Mat Sub Scr Fac Upp War Distress Signals 2 | . 2 . . . . . Communications Jammed 2 | . . . . 2 . . Distress Signals 1 | . . . . 1 . . Times Spotted 63 | . 19 3 . 14 3 24 Peak Tracking Total 10 | . 4 3 . 3 4 10 Tactical Retreats 6 | . 1 . . 1 . 4 Traps | -11 -10 -10 -7 -5 -5 -5 ------- Run | Yrd Mat Sub Scr Fac Upp War Traps Triggered 2 | . 1 . . . . 1 Indirectly . | . . . . . . . Trap Hack Attempts . | . . . . . . . Triggered . | . . . . . . . Disarmed . | . . . . . . . Reprogrammed . | . . . . . . . Reused . | . . . . . . . Traps Extracted . | . . . . . . . Installed . | . . . . . . . Triggered . | . . . . . . . Machines | -11 -10 -10 -7 -5 -5 -5 ---------- Run | Yrd Mat Sub Scr Fac Upp War Machines Disabled 1 | . . . . . . 1 Max in Single Turn 1 | . . . . . . 1 Machines Repaired . | . . . . . . . Machines Dismantled . | . . . . . . . Machines Sabotaged . | . . . . . . . Overloaded Fab Kills . | . . . . . . . Hacking | -11 -10 -10 -7 -5 -5 -5 --------- Run | Yrd Mat Sub Scr Fac Upp War Machines Accessed 17 | . 7 . 6 2 . 2 Terminals 7 | . 7 . . . . . Fabricators 1 | . . . . 1 . . Repair Stations 1 | . . . . 1 . . Recycling Units . | . . . . . . . Scanalyzers . | . . . . . . . Garrison Access . | . . . . . . . Total Hacks 54 | . 18 . 30 4 . 2 Successful 43 | . 10 . 30 1 . 2 Failed 11 | . 8 . . 3 . . Catastrophic 4 | . 3 . . 1 . . Database Lockouts . | . . . . . . . Manual 27 | . 24 . . 2 . 1 Terminals 18 | . 18 . . . . . Fabricators 2 | . . . . 2 . . Repair Stations 2 | . . . . 2 . . Recycling Units . | . . . . . . . Scanalyzers . | . . . . . . . Garrison Access . | . . . . . . . Terminal Hacks 37 | . 5 . 30 . . 2 Record 28 | . . . 28 . . . Robot Analysis 1 | . 1 . . . . . Open Door 3 | . . . 1 . . 2 Branch Access Points 1 | . 1 . . . . . Emergency Access Points 1 | . 1 . . . . . Registered Components 1 | . 1 . . . . . Zone Layout 1 | . 1 . . . . . Proto ID Catalog 1 | . . . 1 . . . Fabricator Hacks . | . . . . . . . Repair Station Hacks 1 | . . . . 1 . . Refit 1 | . . . . 1 . . Recycling Unit Hacks . | . . . . . . . Scanalyzer . | . . . . . . . Garrison Access Hacks . | . . . . . . . Unauthorized Hacks 5 | . 5 . . . . . Terminals 5 | . 5 . . . . . Botnet 4 | . 4 . . . . . Operators 1 | . 1 . . . . . Fabricators . | . . . . . . . Repair Stations . | . . . . . . . Recycling Units . | . . . . . . . Scanalyzers . | . . . . . . . Garrison Access . | . . . . . . . Data Cores Recovered 2 | . 2 . . . . . Used . | . . . . . . . Hacking Detections 7 | . 6 . . 1 . . Full Trace Events 1 | . 1 . . . . . Feedback Events . | . . . . . . . Feedback Blocked . | . . . . . . . Robot Schematics Acquired . | . . . . . . . Robots Built . | . . . . . . . Authchips . | . . . . . . . Time . | . . . . . . . Total Robot Build Rating . | . . . . . . . Part Schematics Acquired . | . . . . . . . Parts Built . | . . . . . . . Authchips . | . . . . . . . Time . | . . . . . . . Total Part Build Rating . | . . . . . . . Part Studies Acquired . | . . . . . . . Parts Repaired . | . . . . . . . Time . | . . . . . . . Parts Recycled . | . . . . . . . Recycled Matter . | . . . . . . . Retrieved Matter . | . . . . . . . Retrieved Components . | . . . . . . . Parts Scanalyzed . | . . . . . . . Part Schematics Acquired . | . . . . . . . Parts Damaged . | . . . . . . . Bothacking | -11 -10 -10 -7 -5 -5 -5 ------------ Run | Yrd Mat Sub Scr Fac Upp War Used RIF Installer . | . . . . . . . Robots Hacked . | . . . . . . . Non-combat . | . . . . . . . Combat . | . . . . . . . Robot Hacks Applied . | . . . . . . . Relay Couplers Released . | . . . . . . . Fabnet Peak Effective % . | . . . . . . . Robots Rewired . | . . . . . . . Allies Hacked . | . . . . . . . Hacks Repelled . | . . . . . . . Allies | -11 -10 -10 -7 -5 -5 -5 -------- Run | Yrd Mat Sub Scr Fac Upp War Total Allies . | . . . . . . . Largest Group . | . . . . . . . Highest-Rated Group . | . . . . . . . Highest-Rated Ally . | . . . . . . . Initial UFD Resources 39 | . . . . 39 39 39 Total Orders . | . . . . . . . Ally Attacks . | . . . . . . . Total Damage . | . . . . . . . Kills . | . . . . . . . Allies Corrupted . | . . . . . . . Allies Melted . | . . . . . . . Intel | -11 -10 -10 -7 -5 -5 -5 ------- Run | Yrd Mat Sub Scr Fac Upp War Active Infowar (turns) 1988 | . . . 400 607 283 698 Decoding 1988 | . . . 400 607 283 698 Jamming 604 | . . . . 168 278 158 Robot Analysis Total 1 | . 1 . . . . . Derelict Logs Recovered . | . . . . . . . Drone Launches . | . . . . . . . Drone Recoveries . | . . . . . . . Decoded 0b10 Intel 40 | . . . . 40 . . Items 40 | . . . . 40 . . Exploration | -11 -10 -10 -7 -5 -5 -5 ------------- Run | Yrd Mat Sub Scr Fac Upp War Turns Passed 5940 | 61 1092 30 3150 607 283 717 Spaces Moved 3953 | 48 585 15 2003 345 218 739 Core 8 | 2 . . . . . 6 Treads 2266 | . 576 15 1675 . . . Legs 1025 | . . . 328 345 218 134 Wheels 55 | 46 9 . . . . . Hover 599 | . . . . . . 599 Flight . | . . . . . . . Fastest Speed 50 | 50 90 160 110 110 120 76 Average Speed 136 | 88 158 160 154 119 120 88 Slowest Speed 250 | 90 160 160 160 130 120 250 Overloaded Moves . | . . . . . . . Propulsion Burnouts . | . . . . . . . Robots Hopped . | . . . . . . . Potential Cave-ins . | . . . . . . . Cave-ins Triggered . | . . . . . . . Exploration Rate (%) 42 | 3 76 4 92 12 31 76 Regions Visited 6 Branch Regions 4 Pre-discovered Areas . | . . . . . . . Known Exits Taken . | . . . . . . . Unknown Exits Taken 6 | 1 1 1 1 1 1 . Scrap Searched 4 | . . . 4 . . . Spaces Dug 7 | . 7 . . . . . Terrain Destroyed 46 | . 7 . . . . 39 Melee . | . . . . . . . Projectile 3 | . 3 . . . . . AOE 43 | . 4 . . . . 39 Terrain Rammed . | . . . . . . . Walls Destroyed . | . . . . . . . Machines Disabled . | . . . . . . . Actions | -11 -10 -10 -7 -5 -5 -5 --------- Run | Yrd Mat Sub Scr Fac Upp War Total 4342 | 63 672 18 2082 492 232 783 Wait 169 | 6 32 . 14 93 9 15 Move 3947 | 47 584 14 2002 344 217 739 Hop . | . . . . . . . Pick Up 35 | 4 9 . 19 2 . 1 Fast Attach 24 | 6 2 . 2 11 1 2 Attach 15 | . 1 . 2 8 . 4 Detach 13 | . 2 . 1 3 . 7 Swap 20 | . 7 3 8 2 . . Drop 35 | . . . 34 . . 1 Fire 39 | . 35 1 . . . 3 Melee 45 | . . . . 29 5 11 Ram . | . . . . . . . Kick . | . . . . . . . Crush . | . . . . . . . Escape Stasis . | . . . . . . . Rewire . | . . . . . . . Trap . | . . . . . . . Miscellaneous . | . . . . . . . Route ------- -11/Scrapyard -10/Materials (discovered 5 exits: [*Mat x2] / *Min x2 / [*Sub]) -10/Subcaves -7/Scraptown (discovered 2 exits: *Fac x2) -5/Factory -5/Upper Caves -5/Warlord History --------- Turn | Location | Event 14 | -11/Scrapyard | Discovered new exit (range 16) 62 | -11/Scrapyard | Entered Materials 63 | -10/Materials | Met a group of wandering Federalists 141 | -10/Materials | Discovered new exit (range 16) 313 | -10/Materials | Build established: Mutant 515 | -10/Materials | Discovered new exit (range 16) 660 | -10/Materials | Discovered new exit (range 10) 662 | -10/Materials | Identified exit to Mines 883 | -10/Materials | Discovered new exit (range 14) 1154 | -10/Materials | Entered Subcaves 1155 | -10/Subcaves | Approached by a straggling Scientist 1167 | -10/Subcaves | Scientist uncovered a shortcut to Scraptown 1174 | -10/Subcaves | A Subdweller sparked back to life 1174 | -10/Subcaves | A Subdweller sparked back to life 1174 | -10/Subcaves | A Subdweller sparked back to life 1184 | -10/Subcaves | Entered Scraptown 1717 | -7/Scraptown | Discovered new exit (range 11) 1818 | -7/Scraptown | Visited The Evicted 1854 | -7/Scraptown | Visited CPS Storage 2131 | -7/Scraptown | Visited Cave Peace 2197 | -7/Scraptown | Visited Comm Corps 2317 | -7/Scraptown | Visited Cyclists 2360 | -7/Scraptown | Visited TADAMA 2378 | -7/Scraptown | Visited UFD Registry 2378 | -7/Scraptown | Registered with UFD as "Flakslicer" 2410 | -7/Scraptown | Entered Cyclist Reading Room 2489 | -7/Scraptown | Visited Junk Repository 2556 | -7/Scraptown | Visited Science Guys 2614 | -7/Scraptown | Visited Junk Repository 2856 | -7/Scraptown | Visited Scrapoid Pod Storage 2877 | -7/Scraptown | Visited Infowarlord's Domain 2930 | -7/Scraptown | Visited Cartography Club 3334 | -7/Scraptown | Visited Sword Containment 3350 | -7/Scraptown | Found Prototype Slashing Weapon 3367 | -7/Scraptown | Identified Companion Sword 3392 | -7/Scraptown | Visited Curators Association 3439 | -7/Scraptown | Visited Chapter 10 4180 | -7/Scraptown | Met Optimus 4180 | -7/Scraptown | Accepted into 0bPrime 4324 | -7/Scraptown | Civil war broke out across Scraptown 4327 | -7/Scraptown | Discovered new exit (range 3) 4334 | -7/Scraptown | Entered Factory 4334 | -5/Factory | Evolved 10 slots: Power x1, Propulsion x1, Utility x8 4418 | -5/Factory | System corruption reached 10% 4464 | -5/Factory | Lost 9 parts (1p3n5u) 4929 | -5/Factory | Discovered new exit (range 8) 4941 | -5/Factory | Entered Upper Caves 5050 | -5/Upper Caves | Build established: Scavenger-Mutant 5177 | -5/Upper Caves | Attracted the attention of an 0b10 outpost 5217 | -5/Upper Caves | A Derelict revealed a hidden shortcut to "reach the base" 5224 | -5/Upper Caves | Entered Warlord 5254 | -5/Warlord | Lost 4 parts (1p1n2u) 5305 | -5/Warlord | System corruption cleaned by Quarantine Array 5501 | -5/Warlord | Build established: Mutant 5509 | -5/Warlord | Found Prototype Special Weapon 5509 | -5/Warlord | Identified RU-N14's Throwing Claymores v3 5656 | -5/Warlord | Visited the Vortex Lab 5671 | -5/Warlord | Warlord's base attacked by MAIN.C 5683 | -5/Warlord | Rebuked by Warlord 5753 | -5/Warlord | Opened side exit 5913 | -5/Warlord | Core integrity fell below 50% 5928 | -5/Warlord | Core integrity fell below 20% 5941 | -5/Warlord | Destroyed by G-67 Veteran with Plasma Rifle Last Messages --------------- System corrupted by crushing effect (+2). System corrupted by crushing effect (+1). Knocked back. Adv. Melee Analysis Suite destroyed. System corrupted by crushing effect (+2). System Shield destroyed. 0b10 Decoder Chip [Looter] destroyed. System corrupted by crushing effect (+3). The unstable cave ceiling collapses. Critical hit (Burn: +37). B-74 Champion Med. Treads severed. Companion Sword: "Oh sorry, did you need that Med. Treads?" 0b10 Decoder Chip [Looter] destroyed. System corrupted by crushing effect (+4). Knocked back. B-74 Champion destroyed. The unstable cave ceiling collapses. System corrupted: Energy discharge (-24). G-50 Soldier destroyed. Map ----- +----------------------------------------------------+ | """ # + #??????????????????????????? | | """ # ^ #########??????????????????????????? | | """ # # #??????????????????????????? | | #^ # #??????????????????????????? | | """ + # """ #??????????????????????????? | | """ # ^"" # """ #??????????????????????????? | | """ # "" # """ #??????????????????????????? | | # """ # #??????????????????????????? | | +##### ^ """ # """ #??????????????????????????? | | ?????# "" + """ #??????????????????????????? | | ?????# "" # """ #??????????????????????????? | | ##### # #??????????????????????????? | | # #??????????????????????????? | | #########??????????????????????????? | | #??????????????????????????????????? | | #??????????????????????????????????? | | ###+####### #??????##??????????????????????????? | | ??????????# #?????#""??????????????????????????? | | ??????????# ##????#""###???????????????????????? | | ??????????# #????#""# #?##????????????????????? | | ??????????# ##????#""# ## #????????????????????? | | ??????##### #?????#"" # #????????????????????? | | ??????# #######"" ##???????????????????## | | ??????# # "" = ###########???????? # | | ??????# ; " %! """"" "#???????? | | +###### # "" @ "" "#?####??# | | /^ m% %g g % % l ### ### | | /^ %% bs =/ #? | | /^ ^ s % ##? | | /^ ^ ^ * ## ##?? | | #####+# ; "" "" ??## "#?? | | # # # "" """ ?##" #### | | # # # "" "## # # # ?# " "### | | # #### #######""#####?## ??##" " # | | # #??# #?????#""#??????### ?##" "## | | # #??# #?????#""#?????????# #??#" ""# | | + #??# #??????""????????????##??#" "### | | # #??# #????????????????????????# ##??# | | # #### #????????????????????????# #???## | | # + #????????????????????????# ##????# | | # # ##???????????????????????# ^#?????## | | # # #??????????????????????## ##????## | | # # ##?????????????????????## ##??## | | # # #?????????????????????# ##?# | | #####+## ##????????????????##### ## ### | | # #???????????????## # #### ## | | # ##???????????????# #?## ## | | # #????????????????# ##?# ## | | + #########??????????????# ## #?## | | # #?# #??????????????###### #??### | +----------------------------------------------------+ Best States ------------- Heat Dissipation 78 Energy Generation 21 Energy Capacity 550 Matter Stores 300 Matter Capacity 300 Sight Range 16 Terrain Scan Density 10 Jamming Range 14 Resistance: KI 25 Phase Shifting 5 Evasion (%) 55 Melee Accuracy 8 Recoil Reduction 2 Offensive Hacking 31 Defensive Hacking 10 Item Schematics ----------------- None Robot Schematics ------------------ None Fabricated ------------ Nothing Repaired ---------- Nothing Studied --------- None Alien Tech Used ----------------- None Achievements -------------- None Challenges ------------ None Game ------ Seed ServoShadeMatter Manual? 0 Play Time 00:35:47 Cumulative 110.7 hours Start 2026.06.22 @ 22:04:47 End 2026.06.22 @ 22:40:38 Sessions 1 Manual Loads 0 Difficulty Rogue Special Mode None Game No. 133 Rogue 133 Adventurer 0 Explorer 0 Win Type - Total 1 Types 1/0/0/0/0/0/0/0/0/0 Lore% 74 Gallery% 54 Achievement% 40 Wizard Run 0 Options --------- Layout 1 ASCII 0 Keyboard 0 Movement Mouse Keybinds 0 Fullscreen 2 Font 24/Smallcaps Map View 50x35 Zoom Use 0% Tactical HUD 0 Map Filters NONE Filters NONE Steam 1 RUN: ea670e87-83f7-4821-a2d2-3f3c9097c936